 Dungeon Crawl Stone Soup version 0.31.0-11-ge490571c62 (webtiles) character file.

Game seed: 1333957622549681090

13 Computerfleisch the Shooter (level 2, -1/16 HPs)
             Began as a Kobold Hexslinger on Feb 10, 2024.
             Slain by a kobold
             ... wielding a +0 club
              (2 damage)
             ... on level 1 of the Dungeon on Feb 11, 2024.
             The game lasted 00:28:33 (802 turns).

Computerfleisch the Shooter (Kobold Hexslinger)      Turns: 802, Time: 00:28:41

Health: -1/16      AC:  2    Str:  5    XL:     2   Next: 50%
Magic:  3/3        EV: 11    Int: 14    God:
Gold:   72         SH:  8    Dex: 17    Spells: 3/3 levels left

rFire   . . .        d - +0 club
rCold   . . .        a - +0 kite shield
rNeg    . . .        c - +0 robe
rPois   .            (no helmet)
rElec   .            (no cloak)
rCorr   .            (no gloves)
SInv    .            (no boots)
Will    .....        (no amulet)
Stlth   +++          (no ring)
HPRegen 0.22/turn    (no ring)
MPRegen 0.08/turn

%: no passive effects
@: no status effects
A: small, no large weapons, nightstalker 3
a: no special abilities


You were on level 1 of the Dungeon.
You visited 1 branch of the dungeon, and saw 1 of its levels.

You collected 72 gold pieces.

Inventory:

Hand Weapons
 d - a +0 club (weapon)
 f - a +0 sling
 h - a +0 club
 i - a +1 sling
 j - a +0 club
Missiles
 g - 13 stones (quivered)
Armour
 a - a +0 kite shield (worn)
 c - a +0 robe (worn)
Scrolls
 b - a scroll of poison
Potions
 e - a potion of curing {unknown}


   Skills:
 + Level 1.3 Fighting
 + Level 0.1 Maces & Flails
 + Level 3.4 Ranged Weapons
 + Level 2.6 Dodging
 + Level 1.1 Spellcasting
 + Level 3.1 Hexes
 + Level 1.0 Fire Magic


You had 3 spell levels left.
You didn't know any spells.
Your spell library contained the following spells:

 Spells                   Type           Power      Damage    Failure   Level
 Jinxbite                 Hex            18%        N/A       83%         2
 Sigil of Binding         Hex            9%         N/A       96%         3
 Inner Flame              Hex/Fire       6%         N/A       99%         3
 Cause Fear               Hex            4%         N/A       100%        4
 Dimensional Bullseye     Hex/Tloc       2%         N/A       100%        4


Dungeon Overview and Level Annotations

Branches:
Dungeon (1/15)

Altars:


Innate Abilities, Weirdness & Mutations

You are small and have problems with some larger weapons.
You are completely attuned to the shadows.


Message History

You hit the giant cockroach but do no damage.
The giant cockroach is heavily wounded.
The giant cockroach bites you.
* * * LOW HITPOINT WARNING * * *
You block the kobold's attack. You block the giant cockroach's attack.
You hit the giant cockroach.
You kill the giant cockroach!
The kobold misses you. You block the kobold's attack. The kobold misses you.
The bat closely misses you.
You see here a giant cockroach corpse.
The bat hits you.
* * * LOW HITPOINT WARNING * * *
The kobold hits you with a +0 club.
* * * LOW HITPOINT WARNING * * *
You block the bat's attack.
You closely miss the bat. You block the bat's attack. x2
The kobold hits you but does no damage. The bat misses you.
The kobold barely misses you.
You barely miss the bat. You block the bat's attack. The bat barely misses you.
You block the bat's attack. The kobold closely misses you.
The kobold hits you with a +0 club.
* * * LOW HITPOINT WARNING * * *
You are too injured to fight recklessly!
The kobold attacks as it pursues you! The kobold closely misses you.
The kobold closely misses you. The kobold attacks as it pursues you!
The kobold completely misses you. The kobold hits you with a +0 club.
* * * LOW HITPOINT WARNING * * *
You block the bat's attack. You block the bat's attack.
The bat hits you but does no damage. The bat misses you.
You closely miss the bat. You block the bat's attack.
The bat hits you but does no damage. The kobold barely misses you.
You hit the bat.
The bat is severely wounded.
You block the bat's attack. The bat hits you.
* * * LOW HITPOINT WARNING * * *
The kobold closely misses you. The bat barely misses you.
The kobold hits you with a +0 club.
You die...

#..P.♣♣P..#
#..P♣♣♣..P####
#.#.P♣P♣.....#
..#..P♣......# ####
.####........# ##.... .#
##.>.....# #††... .#
#.......# ##.#... .#
#.......# ####..# .. .#
#.......###@K..## .
.#####.......#..b#.....#
....##.........###.###..
##.................# .
...##.........######
##.#####......####
#...###..##.....#####
###.#...#######.....#
...... .###.....#
#########.###.....


You could see a bat and a kobold.

Vanquished Creatures
  An endoplasm (D:1)
  2 giant cockroaches (D:1)
  2 goblins (D:1)
  A hobgoblin (D:1)
  2 bats (D:1)
  2 frilled lizards (D:1)
  A kobold (D:1)
  2 rats (D:1)
13 creatures vanquished.

Notes
Turn   | Place    | Note
-------+----------+-------------------------------------------
     0 | D:1      | Computerfleisch the Kobold Hexslinger began the quest for
                  | the Orb.
     0 | D:1      | Reached XP level 1. HP: 12/12 MP: 2/2
   286 | D:1      | Reached XP level 2. HP: 16/16 MP: 3/3
   802 | D:1      | Slain by a kobold

Illustrated notes

Levels and vault maps discovered:
D:1:      dpeg_arrival_pond, layout_rooms, serial_forest,
          infiniplex_forest_clump_double, infiniplex_forest_straight_4,
          infiniplex_forest_lined_3, infiniplex_forest_lined_corner,
          infiniplex_forest_clump_large, infiniplex_forest_lined_1,
          infiniplex_forest_clump_medium, shapermc_ecumenical_altar_mp_vishouse

Skill      XL: |  1 |
---------------+----+-----
Ranged Weapons | 3 |  3.4
Fighting       | |  1.3
Maces & Flails | |  0.1
Dodging        | |  2.6
Spellcasting   | |  1.1
Hexes          | |  3.1
Fire Magic     | |  1.0

Action                     || total
---------------------------++-------
  Melee: Club              ||    55
   Fire: Sling             ||    38
 Armour: Robe              ||    57
  Dodge: Dodged            ||    81
  Block: Kite shield       ||    54
